 Dungeon Crawl Stone Soup version 0.25.0-46-gbd7b0854d2 (webtiles) character file.

Game seed: 7891748222794280618

46 Descartes the Chiller (level 3, -1/20 HPs)
             Began as a Deep Elf Wanderer on July 14, 2020.
             Slain by a scorpion (8 damage)
             ... on level 2 of the Dungeon.
             The game lasted 00:03:07 (2198 turns).

Descartes the Chiller (Deep Elf Wanderer)           Turns: 2198, Time: 00:03:09

Health: -1/20      AC:  2    Str: 10    XL:     3   Next: 46%
Magic:  7/7        EV:  9    Int: 18    God:
Gold:   80         SH:  8    Dex: 12    Spells: 5/5 levels left

rFire    . . .     SeeInvis .   h - +1 dagger (speed)
rCold    . . .     Gourm    .   d - +0 kite shield
rNeg     . . .     Faith    .   c - +0 robe
rPois    .         Spirit   .   (no helmet)
rElec    .         Reflect  .   (no cloak)
rCorr    .         Harm     .   (no gloves)
MR       .....                  (no boots)
Stlth    ++........             (no amulet)
HPRegen  0.06/turn              (no ring)
MPRegen  0.10/turn              (no ring)

@: no status effects
A: no striking features
a: no special abilities


You were on level 2 of the Dungeon.
You were not hungry.

You visited 1 branch of the dungeon, and saw 2 of its levels.

You collected 80 gold pieces.

Inventory:

Hand Weapons
 a - a +0 dagger
 h - a +1 dagger of speed (weapon)
Missiles
 j - 71 stones (quivered)
 o - 25 arrows
Armour
 c - a +0 robe (worn)
 d - a +0 kite shield (worn)
Jewellery
 m - an uncursed amulet of faith {unknown}
Scrolls
 b - 3 scrolls of teleportation
 e - 3 scrolls of identify {unknown}
 i - 3 scrolls of remove curse {unknown}
 k - a scroll of blinking {unknown}
Potions
 n - a potion of stabbing {unknown}
Comestibles
 f - 5 rations
 l - 5 chunks of flesh


   Skills:
 - Level 1.0 Fighting
 - Level 1.0 Short Blades
 - Level 1.2 Dodging
 - Level 1.2 Stealth
 + Level 2.9 Shields
 - Level 1.5 Spellcasting
   Level 4.3 Ice Magic


You had 5 spell levels left.
You didn't know any spells.
Your spell library was empty.

Dungeon Overview and Level Annotations

Branches:
Dungeon (2/15)

Altars:
Kikubaaqudgha
Qazlal


Message History

* * * LOW HITPOINT WARNING * * *
You are lethally poisoned!
The scorpion poisons you!
You hit the scorpion but do no damage.
The scorpion is almost dead.
* * * LOW HITPOINT WARNING * * *
You feel sick. The scorpion stings you.
* * * LOW HITPOINT WARNING * * *
You are more poisoned.
The scorpion poisons you!
It was a potion of curing.
You feel better. The scorpion barely misses you.
You hit the scorpion but do no damage.
The scorpion is almost dead.
The scorpion stings you.
You hit the scorpion but do no damage.
The scorpion is almost dead.
You closely miss the scorpion.
The scorpion is almost dead.
The scorpion stings you!
You die...

##....# ###
#. #.#..#
#. #.#..#
####.
#....#
#....
##..#.#
#.###
#.....#####
#
#.†........
#.....###.#
##.@..#
##.###
#...s..#
......
#.##...#
#.... #.
#...#
.....# #
#.... ##..
#...>[
....#
##.....
.....
...... .##.
#.


You could see a scorpion.

Vanquished Creatures
  An adder (D:2)
  A leopard gecko (D:1)
  A giant cockroach (D:2)
  7 hobgoblins
  7 jackals (D:1)
  2 ball pythons
  A bat (D:2)
  A frilled lizard (D:2)
  5 goblins
  2 kobolds (D:1)
  4 rats
32 creatures vanquished.

Notes
Turn   | Place    | Note
-------+----------+-------------------------------------------
     0 | D:1      | Descartes the Deep Elf Wanderer began the quest for the
                  | Orb.
     0 | D:1      | Descartes set off with the following items: a +0 dagger, 2
                  | scrolls of teleportation, a +0 robe, a +0 kite shield, a
                  | ration
     0 | D:1      | Reached XP level 1. HP: 12/12 MP: 5/5
   444 | D:1      | Reached XP level 2. HP: 12/16 MP: 6/6
  1176 | D:2      | Reached XP level 3. HP: 8/20 MP: 7/7
  1200 | D:1      | HP: 1/20 [poisoned by an adder]
  1906 | D:2      | Found a stormy altar of Qazlal.
  1943 | D:2      | Found an ancient bone altar of Kikubaaqudgha.
  2176 | D:2      | Noticed a scorpion
  2194 | D:2      | HP: 1/20 [scorpion (1)]
  2198 | D:2      | Slain by a scorpion

Illustrated notes

Levels and vault maps discovered:
D:1:      minmay_arrival_hallway, layout_basic
D:2:      layout_loops_ring, nicolae_overflow_crystal_walls,
          grunt_temple_overflow_diamond, grunt_qazlal_clouds, first_ration

Skill      XL: |  1  2 |
---------------+-------+-----
Shields        | 2 |  2.9
Fighting       | |  1.0
Short Blades   | |  1.0
Dodging        | |  1.2
Stealth        | |  1.2
Spellcasting   | |  1.5
Ice Magic      | |  4.3

Action                   || total
-------------------------++-------
Melee: Dagger            ||   160
  Use: Potion            ||     1
 Stab: Sleeping          ||     1
  Eat: Chunk             ||     4
Armor: Robe              ||    17
Dodge: Dodged            ||    39
Block: Kite shield       ||    36
